 Dungeon Crawl Stone Soup version 0.32-a0-953-g508020473e (webtiles) character file.

Game seed: 15980563604149131477

92 holysushi the Shooter (level 4, -3/48 HPs)
             Began as a Coglin Hexslinger on Apr 17, 2024.
             Slain by Grinder (5 damage)
             ... on level 3 of the Dungeon.
             The game lasted 00:01:34 (1449 turns).

holysushi the Shooter (Coglin Hexslinger)           Turns: 1449, Time: 00:01:35

Health: -3/48      AC: 22    Str:  9    XL:     4   Next: 60%
Magic:  3/5        EV:  2    Int: 12    God:
Gold:   92         SH:  0    Dex: 18    Spells: 3/5 levels left

rFire   . . .        a - +1 sling {Minjun}
rCold   . . .        i - +0 sling {Javier}
rNeg    . . .        c - melded +0 robe
rPois   +            h - melded +0 helmet
rElec   .            (cloak currently unavailable)
rCorr   .            (gloves currently unavailable)
SInv    .            (boots currently unavailable)
Will    .....        (amulet unavailable)
Stlth   ++           (ring unavailable)
HPRegen 0.28/turn    (ring unavailable)
MPRegen 0.09/turn    (no gizmo)

%: no passive effects
@: tree-form, very slightly contaminated, revved
A: stationary, stasis, torment immunity, boosted hp, off-hand wielding, slow
wielding, warmup strikes, no jewellery
a: Invent Gizmo


You were on level 3 of the Dungeon.
You were a tree.
You visited 1 branch of the dungeon, and saw 3 of its levels.

You collected 92 gold pieces.

Inventory:

Hand Weapons
 a - a +1 sling (weapon) {Minjun}
 i - a +0 sling (offhand) {Javier}
Armour
 c - a +0 robe (melded)
 h - a +0 helmet (melded)
Talismans
 j - a beast talisman (active)
Scrolls
 b - a scroll of poison
 d - a scroll of fog {unknown}
 f - 2 scrolls of fear {unknown}
 g - 3 scrolls of identify {unknown}
 l - a scroll of teleportation {unknown}
Potions
 k - a potion of brilliance {unknown}


   Skills:
 - Level 1.0 Fighting
 * Level 4.2 Ranged Weapons
 - Level 1.7 Dodging
 - Level 1.0 Spellcasting
 - Level 2.6 Hexes
 - Level 0.8 Fire Magic
 + Level 0.0 Shapeshifting


You had 3 spell levels left.
You knew the following spells:

 Your Spells              Type           Power      Damage    Failure   Level
a - Jinxbite              Hex            14%        N/A       16%         2

Your spell library contained the following spells:

 Spells                   Type           Power      Damage    Failure   Level
 Sigil of Binding         Hex            7%         N/A       30%         3
 Inner Flame              Hex/Fire       4%         N/A       41%         3
 Cause Fear               Hex            3%         N/A       69%         4
 Dimensional Bullseye     Hex/Tloc       1%         N/A       86%         4


Dungeon Overview and Level Annotations

Branches:
Dungeon (3/15) Zot: 16523

Altars:

Annotations:
D:3 Grinder


Innate Abilities, Weirdness & Mutations

You are a tree.
Your roots penetrate the ground, keeping you stationary.
You cannot be teleported.
You are immune to unholy pain and torment.
Your maximum health is greatly increased.
Your equipment is partially melded.
You can wield a second weapon in your off-hand.
It takes a long time for you to wield or remove held weapons.
Your first few attacks do less damage.
You cannot equip rings or amulets.


Message History

Grinder gestures at you. Pain shoots through your body!
* * * LOW HITPOINT WARNING * * *
It was a potion of lignification.
Your transformation has ended.
Your +0 helmet unmelds from your body.
You turn into a tree.
Your +0 helmet melds into your body.
Your +0 robe melds into your body.
Your roots penetrate the ground.
Grinder blinks!
You shoot a sling bullet.
The sling bullet hits Grinder but does no damage.
Grinder is moderately wounded.
You shoot a sling bullet.
The sling bullet closely misses Grinder.
Grinder hits you but does no damage.
The giant cockroach bites you but does no damage.
You shoot a sling bullet. The sling bullet barely misses Grinder.
You shoot a sling bullet. The sling bullet hits Grinder.
Grinder is heavily wounded.
Grinder hits you but does no damage.
The giant cockroach bites you but does no damage.
Grinder hits you but does no damage.
You shoot a sling bullet.
The sling bullet hits the giant cockroach but does no damage.
You shoot a sling bullet.
The sling bullet barely misses the giant cockroach.
The giant cockroach bites you but does no damage. x2
Grinder hits you.
* * * LOW HITPOINT WARNING * * *
You writhe in agony.
* * * LOW HITPOINT WARNING * * *
You shoot a sling bullet. The sling bullet hits Grinder!
Grinder is heavily wounded.
You shoot a sling bullet. The sling bullet hits Grinder.
Grinder is severely wounded.
The giant cockroach bites you but does no damage.
Grinder hits you.
* * * LOW HITPOINT WARNING * * *
You writhe in agony.
You die...
Grinder says, "Hey, I wasn't done torturing you yet!"

.<. ... ... #.. ..
#.# ... ..#.# ##..
!§ .#.## .... #≈
...###..#.. #≈ #
#B......... #≈
#.#♣#######.# ###≈
#..5......#.# ...
###.#####.#.#######.
#.. #........##.
..## #...........
...# #........###
....# #........#
.....# ..........#
....... #.##.......#


You could see Grinder and a giant cockroach.

Vanquished Creatures
  Natasha (D:2)
  Robin (D:2)
  3 dart slugs
  2 orcs (D:3)
  2 bats (D:2)
  An endoplasm (D:1)
  3 giant cockroaches
  11 goblins
  3 hobgoblins (D:2)
  3 jackals (D:1)
  A quokka (D:1)
  3 ball pythons
  A frilled lizard (D:2)
  7 kobolds
  2 rats (D:2)
44 creatures vanquished.

Notes
Turn   | Place    | Note
-------+----------+-------------------------------------------
     0 | D:1      | holysushi the Coglin Hexslinger began the quest for the
                  | Orb.
     0 | D:1      | Reached XP level 1. HP: 15/15 MP: 2/2
    30 | D:1      | Reached skill level 2 in Ranged Weapons
   112 | D:1      | Reached XP level 2. HP: 21/21 MP: 3/3
   745 | D:1      | Learned a level 2 spell: Jinxbite
   824 | D:2      | Reached skill level 3 in Ranged Weapons
   876 | D:2      | Reached XP level 3. HP: 26/26 MP: 4/4
  1002 | D:2      | Noticed Robin
  1018 | D:2      | Killed Robin
  1102 | D:2      | Reached XP level 4. HP: 32/32 MP: 5/5
  1107 | D:2      | Noticed Natasha
  1111 | D:2      | Killed Natasha
  1112 | D:2      | Reached skill level 4 in Ranged Weapons
  1439 | D:3      | Noticed Grinder
  1449 | D:3      | HP: 2/48 [Grinder (3)]
  1449 | D:3      | Slain by Grinder

Illustrated notes

Levels and vault maps discovered:
D:1:      amcnicky_arrival_feature_with_door, layout_basic, minmay_unequal
D:2:      layout_basic, chequers_serial_rivers_micro_e, minivault_11,
          uniq_natasha, uniq_robin
D:3:      layout_basic, serial_shops, nicolae_shop_peninsula, uniq_grinder

Skill      XL: |  1  2  3  4 |
---------------+-------------+-----
Ranged Weapons | 2 3 4 |  4.2
Fighting       | |  1.0
Dodging        | |  1.7
Spellcasting   | |  1.0
Hexes          | |  2.6
Fire Magic     | |  0.8

Action                     |  1- 3 |  4- 6 || total
---------------------------+-------+-------++-------
   Fire: Sling             |   158 |    68 ||   226
   Cast: Jinxbite          |     3 |       ||     3
    Use: Potion            |       |     1 ||     1
 Armour: Robe              |    25 |     1 ||    26
         Skin              |       |    10 ||    10
  Dodge: Dodged            |    18 |     3 ||    21
   Form: Beast             |       |     1 ||     1

Table legend: (Time is in decaauts)
 A = Elapsed time spent in this place.
 B = Non-inter-level travel time spent in this place.
 C = Inter-level travel time spent in this place.
 D = Time resting spent in this place.
 E = Time spent auto-exploring this place.
 F = Levels seen in this place.
 G = Mean time per level.
                   A        B        C        D        E       F      G
               +--------+--------+--------+--------+--------+-----+--------+
         Total |   1475 |   1437 |     38 |     11 |   1180 |   3 |  491.7 |
       Dungeon |   1475 |   1437 |     38 |     11 |   1180 |   3 |  491.7 |
               +--------+--------+--------+--------+--------+-----+--------+

Top non-repeatable levels by time:
     D:1: 774 daAuts
     D:2: 640 daAuts
     D:3: 60 daAuts
